 Dungeon Crawl Stone Soup version 0.29-a0-6-ga859fcf985 (webtiles) character file.

Game seed: 2023601432427289904

41132 Grim the Warrior (level 14, 0/135 HPs)
             Began as a Formicid Fighter on Jan 27, 2022.
             Was an Elder of the Shining One.
             Slain by a cane toad (18 damage)
             ... on level 4 of the Lair of Beasts.
             The game lasted 00:35:35 (23329 turns).

Grim the Warrior (Formicid Fighter)                Turns: 23329, Time: 00:35:36

Health: 0/135      AC: 20    Str: 21    XL:     14   Next: 48%
Magic:  18/23      EV: 12    Int: 15    God:    the Shining One [****..]
Gold:   514        SH: 10    Dex: 10    Spells: 13/13 levels left

rFire   . . .      SeeInvis +   R - +4 dire flail
rCold   . . .      Faith    .   b - +2 kite shield
rNeg    + + .      Spirit   .   B - +0 plate armour
rPois   .          Reflect  .   (helmet unavailable)
rElec   .          Harm     .   (no cloak)
rCorr   .          Rampage  .   P - +0 pair of gloves
Will    ++...                   g - +1 pair of boots
Stlth   ..........              Q - amulet of the acrobat
HPRegen 0.32/turn               f - ring of willpower
MPRegen 0.18/turn               n - +4 ring of evasion

@: glowing
A: permanent stasis, dig shafts and tunnels, antennae 3, four strong arms,
iridescent scales 1, clever 1, robust 1, wild magic 1, noise suppression
a: Dig, Shaft Self, Renounce Religion, Divine Shield, Cleansing Flame


You were on level 4 of the Lair of Beasts.
You worshipped the Shining One.
The Shining One was greatly pleased with you.
You visited 3 branches of the dungeon, and saw 19 of its levels.
You also visited: Ossuary.

You collected 994 gold pieces.
You spent 480 gold pieces at shops.

Inventory:

Hand Weapons
 R - a +4 dire flail (weapon)
Missiles
 e - 478 stones
 s - 7 throwing nets
 u - 11 boomerangs
 H - 11 poisoned darts (quivered)
 X - 3 curare-tipped darts
 Z - 2 atropa-tipped darts
Armour
 b - a +2 kite shield (worn)
 g - a +1 pair of boots (worn)
 B - a +0 plate armour (worn)
 P - a +0 pair of gloves (worn)
Jewellery
 a - a ring of willpower
 f - a ring of willpower (left hand)
 n - a +4 ring of evasion (right hand)
 w - a ring of protection from cold
 Q - an amulet of the acrobat (around neck)
 W - a ring of resist corrosion
Wands
 c - a wand of acid (8)
 h - a wand of charming (4)
 x - a wand of mindburst (4)
 J - a wand of iceblast (22)
 O - a wand of flame (53)
Scrolls
 d - 2 scrolls of enchant armour
 k - 3 scrolls of magic mapping
 m - 4 scrolls of noise
 p - 3 scrolls of enchant weapon
 r - 3 scrolls of teleportation
 y - 2 scrolls of immolation
 A - a scroll of summoning
 C - 2 scrolls of fog {unknown}
 E - a scroll of torment
 F - 3 scrolls of blinking
 I - 2 scrolls of vulnerability {unknown}
 K - 2 scrolls of fear {unknown}
 T - 3 scrolls of amnesia
 V - a scroll of brand weapon
Potions
 i - 2 potions of mutation {!q}
 j - 3 potions of degeneration {!q}
 l - 9 potions of curing
 q - 2 potions of lignification
 t - 2 potions of haste
 v - 2 potions of magic
 z - a potion of cancellation
 D - 2 potions of brilliance
 L - 2 potions of flight
 M - a potion of resistance
 Y - a potion of attraction
Miscellaneous
 U - a phantom mirror


   Skills:
 - Level 15.0 Fighting
 * Level 12.1 Maces & Flails
 - Level 10.1 Armour
 - Level 11.0 Dodging
 + Level 4.4 Shields
 - Level 13.3 Invocations


You had 13 spell levels left.
You didn't know any spells.
Your spell library contained the following spells:

 Spells                   Type           Power      Damage    Failure   Level
 Apportation              Tloc           0%         N/A       100%        1
 Slow                     Hex            0%         N/A       100%        1
 Summon Small Mammal      Summ           0%         N/A       100%        1
 Call Canine Familiar     Summ           0%         N/A       100%        3
 Confusing Touch          Hex            0%         N/A       100%        3
 Summon Guardian Golem    Hex/Summ       0%         N/A       100%        3
 Vampiric Draining        Necr           0%         2d6       100%        3
 Animate Armour           Summ/Erth      0%         N/A       100%        4
 Summon Ice Beast         Ice/Summ       0%         N/A       100%        4
 Alistair's Intoxication  Tmut/Pois      0%         N/A       100%        5
 Blade Hands              Tmut           0%         N/A       100%        5
 Summon Mana Viper        Hex/Summ       0%         N/A       100%        5
 Iron Shot                Conj/Erth      0%         9d1       100%        6
 Monstrous Menagerie      Summ           0%         N/A       100%        7


Dungeon Overview and Level Annotations

Branches:
Dungeon (12/15)            Temple (1/1) D:7            Lair (6/6) D:10
  Swamp (0/4) Lair:2          Orc (0/2) D:10        Ossuary (visited)
  Snake: Lair:2-4    Spider: Lair:2-4     Slime: Lair:5-6

Altars:
Ashenzari
Cheibriados
Dithmenos
Elyvilon
Fedhas
Gozag
Hepliaklqana
Kikubaaqudgha
Makhleb
Nemelex Xobeh
Okawaru
Qazlal
Ru
Sif Muna
Trog
Uskayaw
Vehumet
Wu Jian
Xom
Yredelemnul
The Shining One

Shops:
D:11 ?=(?!

Portals:
Trove: D:11 (give 3 potions of resistance)

Annotations:
D:5 2 transporters


Innate Abilities, Weirdness & Mutations

You cannot be hasted, slowed, berserked, paralysed or teleported.
You can dig through walls and to a lower floor.
You have a pair of large antennae on your head. (SInv)
Your four strong arms can wield two-handed weapons with a shield.
You are partially covered in iridescent scales. (AC +2)
Your mind is acute. (Int +2)
You are robust. (+10% HP)
Your spells are a little harder to cast, but a little more powerful.
You passively dampen the noise of your surroundings.


Message History

The fire crab is lightly wounded.
The fire crab barely misses you. The fire crab claws you!
* * * LOW HITPOINT WARNING * * *
You are engulfed in flames!
* * * LOW HITPOINT WARNING * * *
You hit the fire crab but do no damage.
The fire crab is lightly wounded.
The fire crab bites you but does no damage.
You block the fire crab's attack.
You bludgeon the fire crab!!
The fire crab is heavily wounded.
The fire crab bites you but does no damage.
The fire crab claws you!
* * * LOW HITPOINT WARNING * * *
You are engulfed in flames!
* * * LOW HITPOINT WARNING * * *
You completely miss the fire crab.
The fire crab is heavily wounded.
The fire crab breathes flames at you.
The blast of flame engulfs you but does no damage.
Unknown command.
Activating: Cleansing Flame (1% risk of failure)
Press: ? - help, Dir - look around, f - activate The golden flame engulfs you but does no damage.
You resist.
The golden flame engulfs the fire crab!!!
You kill the fire crab!
You are engulfed in blazing flames.
* * * LOW HITPOINT WARNING * * *
You hear an angry hiss.
A cane toad comes into view.
You are engulfed in blazing flames.
* * * LOW HITPOINT WARNING * * *
The cane toad is engulfed in blazing flames.
You see here a cane toad corpse.
You feel much better.
You are engulfed in blazing flames.
* * * LOW HITPOINT WARNING * * *
A water moccasin comes into view.
The cane toad stings you!!
You die...

#.###################.#
#.... #.# ♣♣ #.######...
##..# ♣.♣♣ #..........
....# ♣.♣♣#..........
.#..# # ♣♣..♣#.........†
....# #.###
#♣.♣♣.#.......... .#..# {
#..° #.♣♣♣.#..........
......#
#.##(.°##°♣⌠.............
......#
+..$.°°F@°♣......†.......
#.....#
#S##$°°##♣♣.♣♣....####...
.#..#.# #..{ ♣.♣♣♣#.###
.... ##..# #.###
♣♣.♣♣#..# ##... #
♣♣.♣#.## .... ♣♣.#.# #...
♣♣.♣#.# ... ♣.♣♣#.#
########### #.#


You could see a cane toad and a water moccasin.

Vanquished Creatures
  Harold (D:8)
  6 hydras
  Erica (D:8)
  A centaur warrior (D:11)
  3 two-headed ogres
  The ghost of Lonelite the Thaumaturge, a journeyman DECj of Kikubaaqudgha (Lair:3)
  4 death yaks (Lair:3)
  A fire crab (Lair:4)
  4 skeletal warriors (D:11)
  Pikel (D:8)
  A necromancer (D:10)
  A cyclops (D:9)
  2 manticores
  2 black mambas
  Joseph (D:8)
  16 cane toads
  A gargoyle (D:10)
  A torpor snail (Lair:2)
  10 komodo dragons
  2 rime drakes (Lair:5)
  2 kobold demonologists
  2 hellwings (D:6)
  A troll (D:6)
  A polar bear (Lair:4)
  14 blink frogs
  A harpy skeleton (D:7)
  A spectral black mamba (Lair:3)
  A spectral dream sheep (Lair:3)
  A meliai zombie (D:7)
  2 shadows (D:11)
  3 wyverns
  13 yaks
  A wraith (D:12)
  4 basilisks
  A spectral komodo dragon (Lair:3)
  4 steam dragons
  A death yak simulacrum (Lair:3)
  2 vampire mosquitoes (D:8)
  11 water moccasins
  An ice beast (D:7)
  7 orc warriors
  A spectral torpor snail (Lair:3)
  2 black bears
  A sky beast (D:5)
  2 hornet zombies
  3 ogres
  3 centaurs
  12 wolves
  12 bullfrogs
  2 gnoll sergeants
  A cane toad simulacrum (Lair:3)
  2 scorpions
  A dream sheep simulacrum (Lair:3)
  5 killer bees (D:10)
  An electric eel (D:10)
  3 howler monkeys
  7 centaur zombies
  A bullfrog zombie (D:7)
  2 hounds
  9 orc priests
  4 centaur skeletons
  6 hell rats (Lair:3)
  2 iguanas
  12 orc wizards
  3 polar bear simulacra (D:10)
  6 yak simulacra (D:10)
  A wolf simulacrum (D:10)
  2 hound skeletons
  Robin (D:4)
  6 gnolls
  12 adders
  A howler monkey skeleton (D:6)
  5 shadow imps
  A white imp (D:6)
  An ufetubus (D:6)
  An adder zombie (Ossuary)
  3 worms
  2 dart slugs
  40 orcs
  10 endoplasms
  7 giant cockroaches
  14 goblins
  8 hobgoblins
  4 jackals (D:1)
  6 kobolds
  4 quokkas
  4 ball pythons
  7 bats
  7 frilled lizards
  A hobgoblin zombie (Ossuary)
  A jackal zombie (Ossuary)
  7 rats
  A river rat simulacrum (D:10)
  A spectral goblin (D:1)
395 creatures vanquished.

Vanquished Creatures (others)
  A wraith (D:12)
  An orc warrior (D:10)
  9 fungi
  22 plants
  5 withered plants (D:7)
38 creatures vanquished.

Grand Total: 433 creatures vanquished

Notes
Turn   | Place    | Note
-------+----------+-------------------------------------------
     0 | D:1      | Grim the Formicid Fighter began the quest for the Orb.
     0 | D:1      | Reached XP level 1. HP: 18/18 MP: 1/1
   265 | D:1      | Reached XP level 2. HP: 24/24 MP: 2/2
   436 | D:1      | Found a faded altar of an unknown god.
   491 | D:1      | Reached XP level 3. HP: 17/29 MP: 3/3
  1439 | D:2      | Reached XP level 4. HP: 34/35 MP: 4/4
  2423 | D:3      | Reached XP level 5. HP: 41/41 MP: 5/5
  2575 | D:3      | Reached skill level 5 in Maces & Flails
  2788 | D:3      | You fall into a shaft and drop 2 floors!
  2788 | D:5      | Entered Level 5 of the Dungeon
  2832 | D:4      | Found a sand-covered staircase.
  2837 | Ossuary  | Entered an ossuary
  3179 | D:4      | Reached XP level 6. HP: 19/47 MP: 6/6
  3426 | D:4      | Noticed a black bear
  3438 | D:4      | Killed a black bear
  3536 | D:4      | Noticed Robin
  3562 | D:4      | Killed Robin
  3563 | D:4      | Reached XP level 7. HP: 32/52 MP: 7/7
  4425 | D:5      | Found a transporter.
  4606 | D:5      | Found a transporter.
  4681 | D:5      | Reached XP level 8. HP: 23/58 MP: 8/8
  5542 | D:5      | Reached skill level 10 in Maces & Flails
  6174 | D:6      | Reached XP level 9. HP: 43/64 MP: 9/9
  6296 | D:6      | Found a snail-covered altar of Cheibriados.
  6574 | D:6      | Noticed a troll
  6601 | D:6      | Killed a troll
  6977 | D:6      | Noticed a manticore
  6987 | D:6      | Killed a manticore
  6988 | D:6      | Reached skill level 5 in Fighting
  7511 | D:7      | Reached skill level 6 in Fighting
  7971 | D:7      | Found a staircase to the Ecumenical Temple.
  7981 | Temple   | Entered the Ecumenical Temple
  8097 | Temple   | Became a worshipper of the Shining One
  8172 | D:6      | Reached skill level 7 in Fighting
  8464 | D:7      | Reached skill level 8 in Fighting
  8571 | D:7      | Noticed a hellwing
  8572 | D:7      | Noticed a hellwing
  8707 | D:6      | Killed a hellwing
  8707 | D:6      | Reached * piety under the Shining One
  8708 | D:6      | Reached skill level 9 in Fighting
  8708 | D:6      | Reached XP level 10. HP: 33/83 MP: 10/10
  8716 | D:6      | Reached skill level 10 in Fighting
  8959 | D:7      | Reached skill level 11 in Fighting
  8966 | D:7      | Reached skill level 12 in Fighting
  9050 | D:7      | Reached skill level 13 in Fighting
  9050 | D:7      | Reached skill level 1 in Invocations
  9159 | D:7      | Reached skill level 14 in Fighting
  9512 | D:8      | Noticed Erica
  9520 | D:8      | Gained mutation: Your spells are a little easier to cast,
                  | but a little less powerful. [potion of mutation]
  9530 | D:8      | Killed Erica
  9531 | D:8      | Reached XP level 11. HP: 38/101 MP: 12/14
  9817 | D:8      | Lost mutation: Your spells are a little easier to cast, but
                  | a little less powerful. [potion of mutation]
  9817 | D:8      | Gained mutation: Your mind is acute. (Int +2) [potion of
                  | mutation]
  9817 | D:8      | Gained mutation: You are partially covered in iridescent
                  | scales. (AC +2) [potion of mutation]
  9817 | D:8      | Gained mutation: You passively dampen the noise of your
                  | surroundings. [potion of mutation]
  9817 | D:8      | Gained mutation: You have hidden genetic potential. [potion
                  | of mutation]
 10027 | D:8      | Reached ** piety under the Shining One
 10081 | D:8      | Noticed Harold
 10094 | D:8      | Killed Harold
 10095 | D:8      | Reached skill level 5 in Invocations
 10139 | D:8      | Reached skill level 15 in Fighting
 10288 | D:8      | Noticed Pikel
 10296 | D:8      | Killed Pikel
 10297 | D:8      | Reached skill level 5 in Armour
 10432 | D:8      | Noticed Joseph
 10448 | D:8      | Killed Joseph
 10960 | D:9      | Noticed a cyclops
 10983 | D:9      | Killed a cyclops
 11740 | D:10     | Entered Level 10 of the Dungeon
 12678 | D:10     | Noticed a necromancer
 12699 | D:10     | Killed a necromancer
 12721 | D:10     | Reached *** piety under the Shining One
 13015 | D:10     | Reached XP level 12. HP: 100/109 MP: 17/17
 13205 | D:10     | Found a staircase to the Lair.
 13240 | D:10     | Gained mutation: You are robust. (+10% HP) [hidden
                  | potential]
 13637 | D:10     | Noticed a two-headed ogre
 13647 | D:10     | Killed a two-headed ogre
 13993 | D:10     | Found a staircase to the Orcish Mines.
 14125 | D:11     | Found Nasaku Doith's Magic Scroll Boutique.
 14139 | D:11     | Found Odifeupp's Antique Weapon Boutique.
 14249 | D:11     | Found Hyuthe's Magic Scroll Shop.
 14264 | D:11     | Found Zuwiliom's Jewellery Shoppe.
 14271 | D:11     | Bought an amulet of the acrobat for 480 gold pieces
 14296 | D:11     | Noticed a two-headed ogre
 14306 | D:11     | Killed a two-headed ogre
 14389 | D:11     | Noticed an eight-headed hydra
 14400 | D:11     | Killed an eight-headed hydra
 14401 | D:11     | Reached skill level 10 in Armour
 14784 | D:11     | Noticed a skeletal warrior
 14785 | D:11     | Noticed a skeletal warrior
 14786 | D:11     | Noticed a skeletal warrior
 14805 | D:11     | Killed a skeletal warrior
 14806 | D:11     | Reached skill level 1 in Dodging
 14823 | D:11     | Killed a skeletal warrior
 14825 | D:11     | Noticed a skeletal warrior
 14835 | D:11     | Killed a skeletal warrior
 14855 | D:11     | Killed a skeletal warrior
 15207 | D:11     | Found Biashuma's Distillery.
 15297 | D:11     | Noticed a centaur warrior
 15306 | D:11     | Killed a centaur warrior
 15469 | D:11     | Found a portal to a secret trove of treasure.
 15795 | D:12     | Noticed a two-headed ogre
 15829 | D:11     | Reached **** piety under the Shining One
 15844 | D:11     | Killed a two-headed ogre
 15845 | D:11     | Reached skill level 5 in Dodging
 15845 | D:11     | Reached skill level 10 in Invocations
 16147 | Lair:1   | Entered Level 1 of the Lair of Beasts
 16181 | Lair:1   | Reached XP level 13. HP: 88/126 MP: 20/20
 16554 | Lair:1   | Gained mutation: Your spells are a little harder to cast,
                  | but a little more powerful. [hidden potential]
 16554 | Lair:1   | Lost mutation: You have hidden genetic potential. [hidden
                  | potential expressed]
 17998 | Lair:2   | Noticed a seven-headed hydra
 18017 | Lair:1   | Killed a seven-headed hydra
 18558 | Lair:2   | Found a staircase to the Swamp.
 18569 | Lair:2   | Noticed a four-headed hydra
 18580 | Lair:2   | Killed a four-headed hydra
 20011 | Lair:3   | Noticed a four-headed hydra
 20021 | Lair:3   | Killed a four-headed hydra
 20452 | Lair:3   | Reached XP level 14. HP: 131/135 MP: 23/23
 20789 | Lair:3   | Found a runed translucent gate.
 20789 | Lair:3   | Found a runed translucent gate.
 20789 | Lair:3   | Found a runed translucent gate.
 20790 | Lair:3   | Noticed Lonelite's ghost (journeyman DECj)
 21128 | Lair:3   | Killed Lonelite's ghost
 21129 | Lair:3   | Reached skill level 10 in Dodging
 21285 | Lair:4   | You fall into a shaft and drop 2 floors!
 21285 | Lair:6   | Entered Level 6 of the Lair of Beasts
 23329 | Lair:4   | Slain by a cane toad

Illustrated notes

Levels and vault maps discovered:
D:1:      dpeg_arrival_prison, layout_loops_ring,
          dreamdust_ecumenical_altar_drowned_temple, grunt_decor_arrowhead
D:2:      layout_basic
D:3:      layout_basic, minmay_ruptured
D:4:      layout_rooms, enter_ossuary_5, nicolae_grassy_gnolls, uniq_robin
D:5:      gammafunk_wand_slinger, layout_gridville
D:6:      layout_loops_ring, kennysheep_slug_shrine, minmay_manual_monstrance
D:7:      cheibrodos_grave_circle, layout_gridville,
          minmay_temple_entry_statues_fountains, enter_bailey_6, hex_medium,
          nrook_mini_backslash
D:8:      layout_gridville, uniq_harold, uniq_erica, uniq_pikel, uniq_joseph
D:9:      layout_irregular_city, st_stairs_6, minmay_misc_feat_square
D:10:     layout_loops_ring, dpeg_oklobed_lair, erik_orc_2,
          eino_house_with_fridge
D:11:     layout_long_grid, serial_shops, kennysheep_mini,
          nicolae_shop_waterfront, nicolae_lakefront_shop,
          nicolae_shop_waterfront, nicolae_shop_behind_doors,
          nicolae_trove_entry_crystal, fungi_pond_lemuel
D:12:     layout_basic, gauntlet_entry_generic, uniq_frances
Temple:   regret_index_temple_sigil_plot
Lair:1:   layout_gridlike, grunt_forest_small_clearing_treed
Lair:2:   layout_hall_layers, swamp_mist_pool, lightli_volcano_entry_magma_tube
Lair:3:   layout_roguey, gammafunk_ghost_necromancy, grunt_megastairs_2
Lair:4:   nzn_winding_woodlands_small [nzn_winding_woodlands_5x15_crooked,
          nzn_winding_woodlands_center_pierced_h,
          nzn_winding_woodlands_5x15_cabin], layout_big_grid,
          nicolae_spider_entry_tight_spaces, lemuel_fruit_tree,
          serial_bayou_shore_b, grunt_megastairs_4, uniq_snorg
Lair:5:   layout_roguey, special_room [special_room_bee],
          ebering_ghost_disaster_area, infiniplex_staircase_pool,
          lemuel_fruit_fields, uniq_kirke
Lair:6:   grunt_lair_end_beastmaster, layout_regular_city, slime_altar_1

Skill      XL: |  1  2  3  4  5  6  7  8  9 10 11 12 13 14 |
---------------+-------------------------------------------+-----
Maces & Flails | 3 4 6 8 10 11 12 | 12.1
Fighting       | 9 14 15 | 15.0
Armour         | 4 8 10 | 10.1
Invocations    | 4 7 10 12 13 | 13.3
Dodging        | 5 9 11 | 11.0
Shields        | 4 |  4.4

Action                   |  1- 3 |  4- 6 |  7- 9 | 10-12 | 13-15 || total
-------------------------+-------+-------+-------+-------+-------++-------
Melee: Flail             |   151 |    28 |       |       |       ||   179
       Whip              |       |   184 |   339 |       |       ||   523
       Dire flail        |       |       |    53 |   576 |   649 ||  1278
Throw: Dart              |       |       |     7 |    11 |    31 ||    49
Invok: Divine Shield     |       |       |       |     3 |     7 ||    10
       Cleansing Flame   |       |       |       |       |     1 ||     1
  Use: Potion            |       |     3 |     6 |     5 |     2 ||    16
       Scroll            |       |       |       |       |    18 ||    18
Armor: Scale mail        |    88 |   138 |    59 |       |       ||   285
       Plate armour      |       |       |   176 |   283 |   250 ||   709
Dodge: Dodged            |    77 |   100 |   163 |   186 |   255 ||   781
Block: Buckler           |    39 |    48 |    70 |    45 |       ||   202
       Kite shield       |       |       |       |   157 |   328 ||   485

Table legend: (Time is in decaauts)
 A = Elapsed time spent in this place.
 B = Non-inter-level travel time spent in this place.
 C = Inter-level travel time spent in this place.
 D = Time resting spent in this place.
 E = Time spent auto-exploring this place.
 F = Levels seen in this place.
 G = Mean time per level.
                   A        B        C        D        E       F      G
               +--------+--------+--------+--------+--------+-----+--------+
         Total |  23023 |  22427 |    596 |   8636 |  10112 |  20 | 1151.2 |
       Dungeon |  15776 |  15310 |    466 |   6035 |   6744 |  12 | 1314.7 |
        Temple |    140 |    116 |     24 |      0 |     57 |   1 |  140.0 |
          Lair |   7084 |   6978 |    106 |   2601 |   3311 |   6 | 1180.7 |
       Ossuary |     21 |     21 |      0 |      0 |      0 |   1 |   21.0 |
               +--------+--------+--------+--------+--------+-----+--------+

Top non-repeatable levels by time:
  Lair:1: 2317 daAuts
    D:11: 2271 daAuts
     D:6: 2215 daAuts
    D:10: 1849 daAuts
  Lair:3: 1596 daAuts
     D:5: 1574 daAuts
  Lair:2: 1446 daAuts
     D:4: 1345 daAuts
     D:7: 1263 daAuts
  Lair:4: 1256 daAuts
     D:1: 1242 daAuts
     D:8: 1230 daAuts
     D:9: 1130 daAuts
     D:2: 1099 daAuts
     D:3: 488 daAuts
